 Dungeon Crawl Stone Soup version 0.21-a0-513-gdcb3f5e (webtiles) character file.

28 MTVSty1e the Skirmisher (level 2, -1/40 HPs)
             Began as a Minotaur Fighter on Dec 2, 2017.
             Slain by Sigmund
             ... wielding a +0 scythe
              (5 damage)
             ... on level 2 of the Dungeon.
             The game lasted 00:01:24 (656 turns).

MTVSty1e the Skirmisher (Minotaur Fighter)           Turns: 656, Time: 00:01:25

Health: -1/40      AC: 21    Str: 25    XL:     2   Next: 96%
Magic:  1/1        EV:  2    Int:  5    God:
Gold:   43         SH:  9    Dex:  7    Spells: 1/1 levels left

rFire    . . .     SeeInvis .   a - +0 war axe
rCold    . . .     Gourm    .   c - +0 shield
rNeg     + + +     Faith    .   (armour currently unavailable)
rPois    +         Spirit   .   (helmet currently unavailable)
rElec    .         Reflect  .   (cloak currently unavailable)
rCorr    .         Harm     .   (gloves currently unavailable)
MR       .....     NoTele   +   (boots currently unavailable)
Stlth    +.........             (no amulet)
HPRegen  0.13/turn              k - -2 ring of dexterity (curse)
MPRegen  0.07/turn              (no ring)

@: mighty, tree-form
A: (retaliatory headbutt)
a: no special abilities


You were on level 2 of the Dungeon.
You were not hungry.
You were a tree.
You visited 1 branch of the dungeon, and saw 2 of its levels.

You collected 43 gold pieces.

Inventory:

Hand Weapons
 a - a +0 war axe (weapon)
Armour
 b - a +0 scale mail (melded)
 c - a +0 shield (worn)
Jewellery
 k - a cursed -2 ring of dexterity (left branch)
Potions
 e - a potion of haste {unknown}
 h - a potion of berserk rage {unknown}
 i - a potion of mutation {unknown}
Comestibles
 f - a bread ration
 j - a royal jelly


   Skills:
 + Level 4.1 Fighting
 * Level 3.7 Axes
 - Level 3.6 Armour
 - Level 3.6 Shields


You had one spell level left.
You didn't know any spells.

Dungeon Overview and Level Annotations

Branches:
Dungeon (2/15)

Altars:

Annotations:
D:2 Sigmund


Innate Abilities, Weirdness & Mutations

((You reflexively headbutt those who attack you in melee.))
((You have a pair of horns on your head.))


Message History

The bat barely misses you.
The kobold throws a stone.
The stone hits you but does no damage. Something hits you!
* * * LOW HITPOINT WARNING * * *
You see here a stone.
The bat barely misses you.
The kobold throws a stone.
The stone completely misses you.
You see here 2 stones.
You feel less confused. The bat hits you but does no damage.
You turn into a tree.
Your +0 scale mail melds into your body.
Your roots penetrate the ground.
You block the bat's attack. Something hits you but does no damage.
The kobold throws a stone.
The stone hits you but does no damage.
You cannot move.
You cannot move.
You slice the bat!!
You kill the bat!
Something hits you.
You die...

##########...
............
...........#
........K..#
..$........#
...$...K...#
.!.........#
.......(((.#
.......♣(..#
...........#
#####..###.#
#..# #.#
#...##.#
#.#....#
#.#..#######
#.#..<......
.
#..########.


You could see 2 kobolds.

Vanquished Creatures
  A gnoll (D:1)
  2 dart slugs (D:1)
  3 goblins
  A hobgoblin (D:1)
  2 kobolds (D:1)
  2 bats
  2 frilled lizards (D:1)
  A rat (D:1)
14 creatures vanquished.

Notes
Turn   | Place    | Note
-------+----------+-------------------------------------------
     0 | D:1      | MTVSty1e the Minotaur Fighter began the quest for the Orb.
     0 | D:1      | Reached XP level 1. HP: 19/19 MP: 0/0
   160 | D:1      | Reached XP level 2. HP: 24/27 MP: 1/1
   282 | D:1      | Reached skill level 4 in Fighting
   642 | D:2      | Noticed Sigmund
   656 | D:2      | Slain by Sigmund

Vault maps used:
D:1:      minmay_arrival_jagged, serial_glass, glass_columns_b, glass_columns_b,
          glass_columns_b, glass_columns_b, glass_columns_c, glass_columns_b,
          glass_columns_a, glass_columns_b, glass_columns_a, glass_columns_a
D:2:      overflow_temple_1_default, lemuel_coloured_pillars_altar, first_bread,
          uniq_jessica, uniq_sigmund

Skill      XL: |  1  2 |
---------------+-------+-----
Axes           | 3 |  3.7
Fighting       | 4 |  4.1
Armour         | |  3.6
Shields        | |  3.6

Action                   || total
-------------------------++-------
Melee: War axe           ||    28
       Headbutt          ||     3
  Use: Scroll            ||     2
       Potion            ||     2
Armor: Scale mail        ||    12
       Skin              ||     2
Dodge: Dodged            ||    21
Block: Shield            ||    11

Table legend:
 A = Spawn XP
 B = Non-spawn XP
 C = Spawn XP percentage of total XP
 D = Spawn monster count
 E = Non-spawn monster count
 F = Spawn count percentage of total count
 G = Total turns spent on level
                    A         B        C        D         E        F      G
               +---------+---------+-------+---------+---------+-------+---------
         Total |       0 |      40 |   0.0 |       0 |      14 |   0.0 |   656
               +---------+---------+-------+---------+---------+-------+---------
           D:1 |       0 |      37 |   0.0 |       0 |      12 |   0.0 |   609
           D:2 |       0 |       3 |   0.0 |       0 |       2 |   0.0 |    47
               +---------+---------+-------+---------+---------+-------+---------
